 Dungeon Crawl Stone Soup version 0.29-a0-275-g389c0b56f3 (webtiles) character file.

Game seed: 2231816345632964972

170 Ajdolov the Sneak (level 5, 0/35 HPs)
             Began as an Octopode Transmuter on Mar 10, 2022.
             Splashed by a jelly's acid (3 damage)
             ... on level 3 of the Dungeon.
             The game lasted 00:05:10 (3252 turns).

Ajdolov the Sneak (Octopode Transmuter)             Turns: 3252, Time: 00:05:10

Health: 0/35       AC: -3    Str:  9    XL:     5   Next: 51%
Magic:  8/8        EV: 13    Int: 18    God:
Gold:   107        SH:  5    Dex: 12    Spells: 3/8 levels left

rFire   . . .      SeeInvis .     - Unarmed
rCold   . . .      Faith    .   (no shield)
rNeg    . . .      Spirit   .   (helmet restricted)
rPois   .          Reflect  +   h - amulet of reflection
rElec   .          Harm     .   (no ring)
rCorr   .          Rampage  .   (no ring)
Will    .....                   (no ring)
Stlth   +++.......              (no ring)
HPRegen 0.11/turn               (no ring)
MPRegen 0.11/turn               (no ring)
                                (no ring)
                                (no ring)

@: corroded
A: almost no armour, amphibious, 8 rings, camouflage 1, gelatinous body 1,
(nimble swimmer 1), tentacles
a: no special abilities


You were on level 3 of the Dungeon.
You visited 1 branch of the dungeon, and saw 4 of its levels.

You collected 107 gold pieces.

Inventory:

Hand Weapons
 a - a +0 hunting sling
Magical Staves
 o - a staff of poison
Jewellery
 h - an amulet of reflection (around mantle)
Wands
 q - a wand of iceblast (6)
Scrolls
 b - 5 scrolls of identify {unknown}
 f - a scroll of enchant armour {unknown}
 g - a scroll of silence {unknown}
 i - a scroll of amnesia {unknown}
 k - a scroll of teleportation {unknown}
 m - a scroll of fog {unknown}
 n - a scroll of brand weapon {unknown}
 p - a scroll of immolation {unknown}
Potions
 c - a potion of attraction {unknown}
 d - a potion of invisibility {unknown}
 e - a potion of brilliance {unknown}
 j - a potion of curing {unknown}
 l - a potion of flight {unknown}


   Skills:
 + Level 2.7 Fighting
 - Level 2.0 Dodging
 - Level 4.0 Stealth
 + Level 4.0 Unarmed Combat
 - Level 2.0 Spellcasting
 - Level 2.0 Transmutations
 + Level 1.6 Ice Magic


You had 3 spell levels left.
You knew the following spells:

 Your Spells              Type           Power      Damage    Failure   Level
a - Beastly Appendage     Tmut           18%        N/A       8%          1
b - Ice Form              Ice/Tmut       8%         N/A       65%         4

Your spell library contained the following spells:

 Spells                   Type           Power      Damage    Failure   Level
 Wereblood                Tmut           9%         N/A       12%         2
 Animate Skeleton         Necr           2%         N/A       19%         1
 Pain                     Necr           4%         1d4       19%         1
 Spider Form              Tmut/Pois      5%         N/A       34%         3
 Vampiric Draining        Necr           1%         2d6       47%         3
 Cause Fear               Hex            0%         N/A       87%         4
 Dragon Form              Tmut           4%         N/A       100%        7
 Dragon's Call            Summ           0%         N/A       100%        9


Dungeon Overview and Level Annotations

Branches:
Dungeon (4/15)
 Temple: D:4-7

Altars:

Annotations:
D:3 1 runed translucent door, exclusion: jelly, Crazy Yiuf
D:4 exclusion: scorpion


Innate Abilities, Weirdness & Mutations

You cannot wear most types of armour.
You are amphibious.
You can wear up to eight rings at the same time.
Your skin changes colour to match your surroundings (Stealth+).
Your rubbery body absorbs attacks. (AC +1, EV +1)
((You are camouflaged when in or above water. (Stealth+)))
You have tentacles for arms and can constrict up to eight enemies at once.


Message History

Your tentacles burn!
The jelly is moderately wounded.
The jelly hits you.
You are splashed with acid!
You tentacle-slap the jelly.
Your tentacles burn!
You squeeze the jelly, but do no damage.
The jelly is moderately wounded.
The jelly completely misses you.
You tentacle-slap the jelly. The acid corrodes you!
Your tentacles burn!
Your squeeze misses the jelly.
The jelly is heavily wounded.
You barely miss the jelly.
The jelly is heavily wounded.
The jelly completely misses you.
Okay, then.
Okay, then.
Okay, then.
You tentacle-slap the jelly but do no damage.
Your tentacles burn!
* * * LOW HITPOINT WARNING * * *
The jelly is heavily wounded.
You block the jelly's attack.
You tentacle-slap the jelly but do no damage.
Your tentacles burn!
* * * LOW HITPOINT WARNING * * *
You squeeze the jelly.
The jelly is severely wounded.
The jelly jiggles.
The jelly misses you.
You completely miss the jelly.
The jelly is severely wounded.
The jelly closely misses you.
Unknown command.
You tentacle-slap the jelly but do no damage.
Your tentacles burn!
* * * LOW HITPOINT WARNING * * *
The jelly is severely wounded.
The jelly barely misses you.
Unknown command.
You tentacle-slap the jelly.
Your tentacles burn!
You die...

#.#
#.####..##
#.# #..†.
#.# #.###
#.# #.###
#.# #....
#.# ####.
#.# #.
#.########
#.
#.†...(@.#
##
########J#
.# .# ..
##


You could see a jelly.

Vanquished Creatures
  Jessica (D:3)
  Ijyb (D:3)
  An iguana (D:3)
  2 adders (D:3)
  3 dart slugs (D:1)
  An orc (D:3)
  8 ball pythons
  9 endoplasms
  2 giant cockroaches
  10 goblins
  6 hobgoblins
  2 jackals (D:1)
  5 bats
  A frilled lizard (D:2)
  3 kobolds
  10 rats
65 creatures vanquished.

Notes
Turn   | Place    | Note
-------+----------+-------------------------------------------
     0 | D:1      | Ajdolov the Octopode Transmuter began the quest for the
                  | Orb.
     0 | D:1      | Reached XP level 1. HP: 13/13 MP: 3/3
    65 | D:1      | Reached skill level 1 in Stealth
   259 | D:1      | Reached XP level 2. HP: 8/18 MP: 5/5
  1104 | D:1      | Found a faded altar of an unknown god.
  1107 | D:1      | Reached XP level 3. HP: 23/23 MP: 6/6
  1453 | D:2      | You fall into a shaft and drop 2 floors!
  1459 | D:4      | Noticed a scorpion
  2257 | D:3      | Reached XP level 4. HP: 29/29 MP: 7/7
  2262 | D:3      | Learned a level 4 spell: Ice Form
  2469 | D:3      | Noticed Ijyb
  2497 | D:3      | Killed Ijyb
  2681 | D:3      | Found a runed translucent door.
  2682 | D:3      | Noticed Crazy Yiuf
  2784 | D:3      | Reached skill level 1 in Ice Magic
  2784 | D:3      | Reached XP level 5. HP: 22/35 MP: 8/8
  2908 | D:3      | Noticed Jessica
  2915 | D:3      | Killed Jessica
  3252 | D:3      | Splashed by a jelly's acid

Illustrated notes

Levels and vault maps discovered:
D:1:      minmay_arrival_jagged, layout_basic, ebering_ecumenical_altar_webs,
          minmay_tetromino_o2
D:2:      layout_rooms
D:3:      layout_basic, kennysheep_generic_room_12, uniq_jessica, uniq_ijyb,
          uniq_crazy_yiuf_cottage
D:4:      layout_basic, minmay_misc_feat_plants, kennysheep_small_square

Skill      XL: |  1  2  3  4  5 |
---------------+----------------+-----
Stealth        | 2 3 4 |  4.0
Fighting       | 2 |  2.7
Ice Magic      | 1 |  1.6
Unarmed Combat | 4 |  4.0
Dodging        | |  2.0
Spellcasting   | |  2.0
Transmutations | |  2.0

Action                   |  1- 3 |  4- 6 || total
-------------------------+-------+-------++-------
Melee: Unarmed           |   101 |    73 ||   174
       Constrict         |    20 |    10 ||    30
       Tentacles         |    22 |    15 ||    37
       Punch             |     3 |     2 ||     5
 Fire: Hunting sling     |       |     5 ||     5
  Use: Potion            |       |     2 ||     2
 Stab: Sleeping          |    12 |     7 ||    19
       Distracted        |       |     1 ||     1
Armor: Skin              |     6 |    15 ||    21
Dodge: Dodged            |    45 |    27 ||    72
Block: Other             |       |     2 ||     2

Table legend: (Time is in decaauts)
 A = Elapsed time spent in this place.
 B = Non-inter-level travel time spent in this place.
 C = Inter-level travel time spent in this place.
 D = Time resting spent in this place.
 E = Time spent auto-exploring this place.
 F = Levels seen in this place.
 G = Mean time per level.
                   A        B        C        D        E       F      G
               +--------+--------+--------+--------+--------+-----+--------+
         Total |   3237 |   3170 |     67 |   1065 |   1525 |   4 |  809.2 |
       Dungeon |   3237 |   3170 |     67 |   1065 |   1525 |   4 |  809.2 |
               +--------+--------+--------+--------+--------+-----+--------+

Top non-repeatable levels by time:
     D:1: 1442 daAuts
     D:3: 1067 daAuts
     D:2: 692 daAuts
     D:4: 35 daAuts
